 Dungeon Crawl Stone Soup version 0.31-a0-640-g39d97e502b (webtiles) character file.

Game seed: 15012028559334169451

1269 rvierbuc the Trooper (level 8, -1/64 HPs)
             Began as a Demonspawn Berserker on Aug 27, 2023.
             Was a Priest of Trog.
             Killed by divine providence
             ... invoked by an orc priest
              (14 damage)
             ... on level 6 of the Dungeon.
             The game lasted 00:09:55 (4380 turns).

rvierbuc the Trooper (Demonspawn Berserker)         Turns: 4380, Time: 00:09:55

Health: -1/64      AC: 11    Str: 19    XL:     8   Next: 28%
Magic:  8/8        EV: 10    Int:  8    God:    Trog [***...]
Gold:   271        SH:  0    Dex: 14    Spells: 7/7 levels left

rFire   . . .        q - +0 war axe
rCold   . . .        (no shield)
rNeg    . . .        c - +0 chain mail
rPois   .            (no helmet)
rElec   .            (no cloak)
rCorr   .            (no gloves)
SInv    .            (no boots)
Will    .....        (no amulet) Stlth
                     (no ring)
HPRegen 0.30/turn    (no ring)
MPRegen 0.11/turn

%: no passive effects
@: confused
A: claws 2, slimy green scales 1, foul stench 1
a: Renounce Religion, Berserk, Trog's Hand


You were on level 6 of the Dungeon.
You worshipped Trog.
Trog was most pleased with you.
You visited 1 branch of the dungeon, and saw 6 of its levels.

You collected 271 gold pieces.

Inventory:

Hand Weapons
 a - a +0 hand axe
 q - a +0 war axe (weapon)
Missiles
 n - 5 atropa-tipped darts
Armour
 c - a +0 chain mail (worn)
 v - a +1 ring mail of cold resistance
Jewellery
 b - a +6 ring of intelligence
 s - a ring of protection from fire
Wands
 w - a wand of flame (11)
 y - a wand of iceblast (7)
Scrolls
 d - a scroll of silence {unknown}
 e - 2 scrolls of identify {unknown}
 j - 2 scrolls of fog {unknown}
 l - a scroll of brand weapon {unknown}
 o - a scroll of immolation {unknown}
 r - 3 scrolls of teleportation {unknown}
 t - 3 scrolls of revelation {unknown}
 x - 2 scrolls of enchant armour {unknown}
Potions
 f - 2 potions of ambrosia {unknown}
 g - 3 potions of heal wounds {unknown}
 h - a potion of brilliance {unknown}
 i - 2 potions of haste {unknown}
 k - a potion of mutation {unknown}
 m - 4 potions of curing {unknown}
 p - 2 potions of enlightenment {unknown}
 u - 2 potions of attraction {unknown}
 z - 2 potions of berserk rage {unknown}


   Skills:
 + Level 5.8 Fighting
 + Level 5.2 Axes
 + Level 4.8 Armour
 + Level 4.8 Dodging


You had 7 spell levels left.
You didn't know any spells.
Your spell library was empty.

Dungeon Overview and Level Annotations

Branches:
Dungeon (6/15)
 Temple: D:4-7

Altars:
Fedhas
Makhleb
Trog


Innate Abilities, Weirdness & Mutations

You have very sharp fingernails.
You are partially covered in slimy green scales. (AC +2)
You may rarely emit foul miasma when damaged in melee.


Message History

You closely miss something. Something hits you but does no damage.
You closely miss something. Something hits you but does no damage.
An orc wizard comes into view.
It is wielding a +1 dagger of protection.
Something hits you but does no damage.
You hit something.
You hit the orc priest but do no damage.
An orc priest comes into view. It is wielding a +0 club.
The orc priest begins to cast a cantrip, but forgets the words!
Something hits you but does no damage.
The orc priest shouts!
You hit something. You slash the orc priest!
You hear a shout!
The orc priest hits you but does no damage.
Something hits you. Something shocks you.
You slash something! Trog accepts your kill.
Reactivating autopickup.
You feel a bit more experienced.
You hit the orc priest but do no damage.
You hit the orc but do no damage. The orc closely misses you.
An orc wizard comes into view. It is wielding a +0 dagger.
You barely miss the orc priest.
The orc priest is heavily wounded.
You closely miss the orc. The orc hits you but does no damage.
The orc wizard points at you and mumbles some strange words.
You are confused.
The orc priest hits you but does no damage.
The orc completely misses you.
The orc priest hits you but does no damage.
The orc priest mumbles some strange prayers to Beogh against you.
Beogh smites you!
The orc priest mumbles some strange prayers to Beogh against you.
Beogh smites you!
* * * LOW HITPOINT WARNING * * *
You barely miss the orc. You barely miss the orc priest.
The orc hits you but does no damage.
The orc priest hits you but does no damage.
The orc priest mumbles some strange prayers to Beogh against you.
Beogh smites you!
You die...

#.........
#........
.##
#.......
...##....oo
#........
#......
#.o.# #oo.#
#.@## #..#
#..# #..#
#..# #..#
#..# #..#
### #..#
###(#


You could see 2 orc priests, 2 orc wizards and an orc.

Vanquished Creatures
  Sigmund (D:6)
  A water moccasin (D:5)
  A sky beast (D:6)
  3 phantoms
  3 scorpions
  A hound (D:5)
  4 orc priests
  2 jellies
  A gnoll bouda (D:4)
  An iguana (D:5)
  2 orc wizards
  3 adders
  5 gnolls (D:4)
  2 white imps
  7 worms
  7 dart slugs
  22 orcs
  5 bats
  8 endoplasms
  A giant cockroach (D:2)
  5 goblins
  5 hobgoblins
  4 jackals (D:3)
  3 quokkas
  4 ball pythons
  7 frilled lizards
  5 kobolds
  3 rats (D:3)
116 creatures vanquished.

Notes
Turn   | Place    | Note
-------+----------+-------------------------------------------
     0 | D:1      | rvierbuc the Demonspawn Berserker began the quest for the
                  | Orb.
     0 | D:1      | Reached XP level 1. HP: 18/18 MP: 1/1
   155 | D:1      | Gained mutation: You are partially covered in slimy green
                  | scales. (AC +2) [demonic ancestry]
   155 | D:1      | Reached XP level 2. HP: 22/24 MP: 2/2
   834 | D:2      | Reached XP level 3. HP: 29/29 MP: 3/3
   874 | D:2      | Reached ** piety under Trog
  1411 | D:3      | Gained mutation: You have sharp fingernails. [demonic
                  | ancestry]
  1411 | D:3      | Reached XP level 4. HP: 35/35 MP: 4/4
  1437 | D:3      | Found a bloodstained altar of Trog.
  1518 | D:3      | Gained mutation: You may rarely emit foul miasma when
                  | damaged in melee. [demonic ancestry]
  1518 | D:3      | Reached XP level 5. HP: 38/42 MP: 5/5
  1652 | D:3      | Reached *** piety under Trog
  1981 | D:4      | Reached XP level 6. HP: 23/48 MP: 6/6
  2925 | D:5      | Entered Level 5 of the Dungeon
  2939 | D:5      | Noticed a water moccasin
  2947 | D:5      | Reached XP level 7. HP: 41/55 MP: 7/7
  2948 | D:5      | Reached skill level 5 in Fighting
  3858 | D:5      | Found a burning altar of Makhleb.
  4056 | D:5      | Found a blossoming altar of Fedhas.
  4202 | D:6      | Gained mutation: You have very sharp fingernails. [demonic
                  | ancestry]
  4202 | D:6      | Reached XP level 8. HP: 50/63 MP: 8/8
  4268 | D:6      | Noticed Sigmund
  4282 | D:6      | Killed Sigmund
  4283 | D:6      | Reached skill level 5 in Axes
  4380 | D:6      | Killed from afar by an orc priest

Illustrated notes

Levels and vault maps discovered:
D:1:      dpeg_arrival_tiny_d, layout_basic
D:2:      layout_basic, minmay_ruptured
D:3:      layout_rooms, mainiacjoe_overflow_catwalk, st_stairs_9
D:4:      layout_cave_pods
D:5:      layout_cave_pods, fedhas_altar_decomposition,
          mainiacjoe_overflow_alcove_4, nicolae_twisty_statue_hallways
D:6:      layout_layer_cave, minmay_temple_entry_junction, uniq_sigmund

Skill      XL: |  1  2  3  4  5  6  7  8 |
---------------+-------------------------+-----
Armour         | 2 3 4 |  4.8
Dodging        | 2 3 4 |  4.8
Axes           | 3 4 5 |  5.2
Fighting       | 4 5 |  5.8

Action                     |  1- 3 |  4- 6 |  7- 9 || total
---------------------------+-------+-------+-------++-------
  Melee: Hand axe          |   150 |       |       ||   150
         War axe           |    10 |   137 |   100 ||   247
         Punch             |       |     1 |       ||     1
 Invoke: Berserk           |     2 |     5 |     1 ||     8
 Armour: Chain mail        |    87 |   104 |    77 ||   268
  Dodge: Dodged            |    71 |    76 |    65 ||   212

Table legend: (Time is in decaauts)
 A = Elapsed time spent in this place.
 B = Non-inter-level travel time spent in this place.
 C = Inter-level travel time spent in this place.
 D = Time resting spent in this place.
 E = Time spent auto-exploring this place.
 F = Levels seen in this place.
 G = Mean time per level.
                   A        B        C        D        E       F      G
               +--------+--------+--------+--------+--------+-----+--------+
         Total |   4535 |   4385 |    150 |    358 |   3123 |   6 |  755.8 |
       Dungeon |   4535 |   4385 |    150 |    358 |   3123 |   6 |  755.8 |
               +--------+--------+--------+--------+--------+-----+--------+

Top non-repeatable levels by time:
     D:5: 1239 daAuts
     D:4: 1108 daAuts
     D:2: 816 daAuts
     D:1: 613 daAuts
     D:3: 497 daAuts
     D:6: 259 daAuts
